 Dungeon Crawl Stone Soup version 0.27.1-2-g3b301248ec (webtiles) character file.

Game seed: 353620358355712005

86 pokedragonboy the Skirmisher (level 4, -1/37 HPs)
             Began as a Formicid Abyssal Knight on Sept 22, 2021.
             Was a Believer of Lugonu.
             Killed by divine providence
             ... invoked by an orc priest
              (13 damage)
             ... on level 3 of the Dungeon.
             The game lasted 00:05:27 (2993 turns).

pokedragonboy the Skirmisher (FoAK)                 Turns: 2993, Time: 00:05:28

Health: -1/37      AC:  6    Str: 17    XL:     4   Next: 77%
Magic:  6/6        EV: 10    Int: 12    God:    Lugonu [**....]
Gold:   54         SH:  0    Dex: 10    Spells: 3/3 levels left

rFire    . . .     SeeInvis +   a - +1 hand axe
rCold    . . .     Faith    .   (no shield)
rNeg     + . .     Spirit   .   h - +0 ring mail
rPois    .         Reflect  .   (helmet unavailable)
rElec    .         Harm     .   (no cloak)
rCorr    .         Rampage  .   (no gloves)
Will     .....                  q - +0 pair of boots
Stlth    ..........             (no amulet)
HPRegen  0.12/turn              j - ring of flight
MPRegen  0.10/turn              s - ring of positive energy

@: flying
A: permanent stasis, dig shafts and tunnels, antennae 3, four strong arms
a: Dig, Shaft Self, Renounce Religion, Depart the Abyss, Bend Space


You were on level 3 of the Dungeon.
You worshipped Lugonu.
Lugonu was pleased with you.
You visited 1 branch of the dungeon, and saw 3 of its levels.
You visited the Abyss 1 time.

You collected 54 gold pieces.

Inventory:

Hand Weapons
 a - a +1 hand axe (weapon)
 c - a +0 mace
Armour
 h - a +0 ring mail (worn)
 q - a +0 pair of boots (worn)
Jewellery
 b - a ring of resist corrosion
 j - a ring of flight (left hand)
 s - a ring of positive energy (right hand)
Scrolls
 d - a scroll of identify {unknown}
 f - a scroll of acquirement {unknown}
 g - a scroll of enchant armour {unknown}
 i - a scroll of amnesia
 o - a scroll of noise {unknown}
Potions
 e - a potion of cancellation {unknown}
 k - a potion of lignification {unknown}
 l - 3 potions of ambrosia {unknown}
 m - a potion of might {unknown}
 n - a potion of degeneration {unknown}
 p - a potion of heal wounds {unknown}
 r - a potion of curing {unknown}
 t - a potion of attraction {unknown}


   Skills:
 + Level 3.8 Fighting
 * Level 3.0 Axes
 + Level 2.8 Armour
 - Level 0.8 Dodging
 + Level 1.8 Shields
 + Level 2.9 Invocations


You had 3 spell levels left.
You didn't know any spells.
Your spell library contained the following spells:

 Spells                   Type           Power      Damage    Failure   Level
 Corpse Rot               Necr/Air       N/A        N/A       65%         2
 Poisonous Vapours        Pois/Air       0%         N/A       65%         2
 Slow                     Hex            0%         N/A       65%         2
 Confusing Touch          Hex            0%         N/A       87%         3
 Freezing Cloud           Conj/Ice/Air   0%         6-21      100%        5
 Yara's Violent Unravell  Hex/Tmut       0%         3d3       100%        5


Dungeon Overview and Level Annotations

Branches:
Dungeon (3/15)

Altars:

Annotations:
D:3 2 transporters


Innate Abilities, Weirdness & Mutations

You cannot be hasted, slowed, berserked, paralysed or teleported.
You can dig through walls and to a lower floor.
You have a pair of large antennae on your head. (SInv)
Your four strong arms can wield two-handed weapons with a shield.


Message History

Found an escape hatch in the ceiling.
A bat is nearby!
An orc priest comes into view. It is wielding a +0 war axe.
Found 18 gold pieces.
The orc priest shouts!
You hear a shout!
An orc comes into view. It is wielding a +0 club.
The bat barely misses you.
You closely miss the bat. The bat hits you but does no damage.
An adder comes into view.
The bat misses you.
You barely miss the adder. The bat hits you but does no damage.
An orc comes into view. It is wielding a +0 falchion.
The adder bites you.
The orc shouts!
You hit the orc priest but do no damage.
You barely miss the adder. The adder closely misses you.
The orc priest invokes the aid of Beogh against you.
Pain shoots through your body!
You hit the orc priest.
The orc priest is lightly wounded.
You barely miss the adder. The adder barely misses you.
The orc priest misses you. The adder bites you but does no damage.
You hit the orc priest.
The orc priest is moderately wounded.
You barely miss the adder. The adder bites you.
The orc priest hits you but does no damage.
You hit the orc priest but do no damage.
The orc priest is moderately wounded.
You hit the adder. The adder closely misses you.
The orc priest hits you with a +0 war axe!
The adder bites you but does no damage.
The orc priest hits you with a +0 war axe!
* * * LOW HITPOINT WARNING * * *
You barely miss the orc priest.
The orc priest is lightly wounded.
You completely miss the adder. The adder bites you but does no damage.
A bat comes into view.
The orc priest invokes the aid of Beogh against you.
Beogh smites you!
You die...

########.b..
#..........
##..<...$..#
...........
........ ######
...bo{ ####.....
#So# #..†.#### #@#
#..<..... #.##
#...##### #..#
####........
##.##.............
#..#.############
##.#.#8P#o5...o5#
#.#.#P.#≈≈≈≈≈≈≈#
#...#..#..P≈P.!#
#..©#©/+..P♣≈..+


You could see an orc priest, an adder, an orc and 2 bats.

Vanquished Creatures
  An adder (D:2)
  A white imp (D:3)
  A worm (D:2)
  2 dart slugs
  An orc (D:3)
  3 ball pythons (D:1)
  3 bats (D:1)
  4 endoplasms
  A giant cockroach (D:2)
  8 goblins
  5 hobgoblins
  10 jackals
  4 kobolds
  5 quokkas
  A frilled lizard (D:1)
  4 rats
54 creatures vanquished.

Vanquished Creatures (others)
  A plant (D:3)
1 creature vanquished.

Grand Total: 55 creatures vanquished

Notes
Turn   | Place    | Note
-------+----------+-------------------------------------------
     0 | Abyss:1  | pokedragonboy the Formicid Abyssal Knight began the quest
                  | for the Orb.
     0 | Abyss:1  | Reached XP level 1. HP: 18/18 MP: 2/2
   224 | Abyss:1  | Noticed a large abomination
   244 | Abyss:1  | Noticed a large abomination
   267 | D:1      | Escaped the Abyss
   695 | D:1      | Reached XP level 2. HP: 23/24 MP: 3/3
   751 | D:1      | Reached * piety under Lugonu
   937 | D:1      | Reached skill level 1 in Shields
  1060 | D:1      | Reached XP level 3. HP: 16/29 MP: 4/4
  2014 | D:2      | Reached XP level 4. HP: 37/37 MP: 6/6
  2060 | D:2      | Reached ** piety under Lugonu
  2634 | D:3      | Found a transporter.
  2635 | D:3      | Found a transporter.
  2993 | D:3      | Killed from afar by an orc priest

Illustrated notes

Levels and vault maps discovered:
D:1:      co_arrival_random_square_maze, layout_basic
D:2:      layout_basic
D:3:      gammafunk_wand_slinger, layout_basic,
          shapermc_ecumenical_altar_rom_forum

Skill      XL: |  1  2  3  4 |
---------------+-------------+-----
Shields        | 1 |  1.8
Axes           | 3 |  3.0
Fighting       | |  3.8
Armour         | |  2.8
Dodging        | |  0.8
Invocations    | |  2.9

Action                   |  1- 3 |  4- 6 || total
-------------------------+-------+-------++-------
Melee: Hand axe          |    88 |    85 ||   173
Invok: Depart the Abyss  |     1 |       ||     1
 Abil: Dig               |     2 |       ||     2
  Use: Scroll            |       |     2 ||     2
Armor: Ring mail         |    41 |    35 ||    76
       Leather armour    |     3 |       ||     3
Dodge: Dodged            |    50 |    43 ||    93
